Unix NetHack Version 5.0.0-0 post-release - last build May 10 2026 23:12:36 (d1fa5d53e341ca933230fdaa984d921c805b60aa,branch:main).

Game began 2026-05-15 20:37:54, ended 2026-05-16 00:30:59.

IanCurtis, chaotic male elven Wizard

                  --------         ----------------               ----------
                  |*.....-###  ####......(........-%         #####.........|
                 #.......|# ######`|..u...........|#              |........|
            *    #--------#       #.........M@.._.|#              |........|
                 ###      #        ---.----------.-#            ##-.[.)....|
                   #      #           #          # # *          [ -----|----
                   #      #           #      ##### #      $     #      ####
                   ##     #           #     `#     #           ##         #
                    #     #    *     ##     #      #   $      ##          #
             -------#     # $       ##   ####      #          #           #
           ##->....|#     #        ##    #         #----------#           #
           # |.....|#    ##        #   ###         #|........|#       ----|-
   ----- ### |.....|#    #---   ---------          #..........#       |+...|
   |...| #   |......#    #|............%|           |........|        |]%[)|
   |....##   -------     #|........... .|)###[######.........|        |.!]%|
   |...|                 #|........... .|#          |........|        |.[?)|
   |..<|                 #-.............|#          ----------        |?.*.|
   -----                  ---------------#                 ?          |?%!!|
                        ##################                            ------

IanCurtis the Thaumaturge  St:11 Dx:13 Co:16 In:18 Wi:10 Ch:10  Chaotic
Dlvl:7  $:127 HP:0(45) Pw:30(60) AC:6  Xp:6 T:3965 

Latest messages:
 The yellow light explodes!
 You are blinded by a blast of light!
 You stop searching.
 You feel an unseen monster!
 It hits!
 You stop searching.
 It misses!
 You hit it.
 It just misses!
 It hits!
 You hit it.
 It hits!
 It misses!
 You hit it.
 It just misses!
 It hits!
 You hit it.
 It hits!
 It just misses!
 You hit it.
 It hits!
 It hits again!
 In what direction? h
 The spell hits it!
 You destroy it!
 A wolf suddenly appears!
 A wolf suddenly appears!
 You are in full health.
 You stop searching.
 What do you want to remove? [*] z
 You are not wearing that.
 A white unicorn suddenly appears!
 You can see again.
 You stop searching.
 You stop searching.
 You hit the orc mummy!
 The orc mummy hits!
 You hit the orc mummy.
 The orc mummy hits!
 You miss the orc mummy.
 The orc mummy hits!
 You miss the orc mummy.
 The orc mummy hits!
 You hit the orc mummy!
 The orc mummy hits!
 You hit the orc mummy.
 The orc mummy hits!
 You die...
 Do you want your possessions identified? [ynq] (y) y
 Do you want to see your attributes? [ynq] (y) q

Inventory:
 Coins    ('$')
  $ - 127 gold pieces
 Weapons  (')')
  a - a blessed +1 quarterstaff (weapon in hands)
 Armor    ('[')
  s - an uncursed +0 cornuthaum (being worn)
  b - a blessed +3 cloak of magic resistance (being worn)
 Comestibles  ('%')
  Q - an uncursed clove of garlic
  t - 2 uncursed lichen corpses
 Scrolls  ('?')
  T - an uncursed scroll of blank paper
  U - a cursed scroll of charging
  j - a blessed scroll of create monster
  i - an uncursed scroll of earth
  F - an uncursed scroll of enchant weapon
  w - an uncursed scroll of food detection
  v - an uncursed scroll of genocide
  E - 2 cursed scrolls of identify named identify
  Z - a blessed scroll of magic mapping
  u - a cursed scroll of teleportation
 Spellbooks  ('+')
  X - an uncursed spellbook of create monster
  m - an uncursed spellbook of cure sickness
  l - a blessed spellbook of force bolt
 Potions  ('!')
  x - 3 uncursed potions of healing
  g - an uncursed potion of monster detection
  G - an uncursed potion of see invisible
  R - an uncursed potion of sickness
  h - 3 potions of holy water
 Rings    ('=')
  d - an uncursed ring of fire resistance
  e - an uncursed ring of polymorph control
  P - a cursed ring of teleportation
 Wands    ('/')
  Y - a wand of cold (0:4)
  M - a wand of light (0:11)
  c - a wand of magic missile (0:4)
  K - a wand of speed monster (0:5)
 Tools    ('(')
  o - an uncursed wooden flute
  z - an uncursed blindfold
  n - a magic marker (0:20)

IanCurtis the Wizard's attributes:

Background:
 You were a Thaumaturge, a level 6 male elven Wizard.
 You were chaotic, on a mission for Anhur
 who was opposed by Ptah (lawful) and Thoth (neutral).
 You were right-handed.
 You were in the Dungeons of Doom, on level 7.
 You entered the dungeon 3965 turns ago.
 It was the midnight hour.
 There was a new moon in effect when your adventure ended.
 You had 540 experience points, 100 more were needed to attain level 7.

Basics:
 You had 0 out of 45 hit points.
 You had 30 out of 60 energy points (spell power).
 Your armor class was 6.
 Your wallet contained 127 zorkmids.
 Autopickup was off.

Final Characteristics:
 Your strength was 11 (limit:18).
 Your dexterity was 13 (limit:18).
 Your constitution was 16 (limit:16).
 Your intelligence was 18 (limit:20).
 Your wisdom was 10 (limit:20).
 Your charisma was 10 (base:9, limit:18).

Final Status:
 You weren't hungry.
 You were unencumbered.
 You were wielding a quarterstaff.
 You had basic skill with quarterstaff and could have enhanced that.

Final Attributes:
 You were piously aligned.
 You were magic-protected.
 You were sleep resistant.
 You were poison resistant.
 You were telepathic.
 You were clairvoyant.
 You had infravision.
 You were warded.
 You were lucky.
 You are dead.

Miscellaneous:
 You didn't encounter any bones levels.
 Total elapsed playing time was 50 minutes and 5 seconds.

Major events:
 Turn
    1: IanCurtis the chaotic male elven Wizard entered the dungeon
  809: attained the rank of Conjurer (level 3)
 1099: entered the Gnomish Mines
 2756: attained the rank of Thaumaturge (level 6)
 3965: killed by an orc mummy

Spells:
 Name                 Level Category     Fail Retention
 force bolt             1   attack         0%   81%-90%
 cure sickness          3   healing       71%  76%-100%
 create monster         2   clerical      31%  76%-100%

Skills:
 Fighting Skills
   bare handed combat [Unskilled]
   riding             [Unskilled]
 Weapon Skills
   dagger             [Unskilled]
   knife              [Unskilled]
   axe                [Unskilled]
   short sword        [Unskilled]
   club               [Unskilled]
   mace               [Unskilled]
   quarterstaff       [Basic]
   polearms           [Unskilled]
   spear              [Unskilled]
   trident            [Unskilled]
   sling              [Unskilled]
   dart               [Unskilled]
   shuriken           [Unskilled]
 Spellcasting Skills
   attack spells      [Basic]
   healing spells     [Unskilled]
   divination spells  [Unskilled]
   enchantment spells [Basic]
   clerical spells    [Unskilled]
   escape spells      [Unskilled]
   matter spells      [Unskilled]

Voluntary challenges:
 Character rerolling was not enabled.
 You never genocided any monsters.
 You never polymorphed an object.
 You never changed form.
 You used no wishes.
Achievements:
 You entered a shop.
 You attained the rank of Conjurer.
 You entered the Gnomish Mines.
 You attained the rank of Thaumaturge.

 The Dungeons of Doom: levels 1 to 7
    Level 1:
    Level 2: "vault"
       An armor shop, a sink.
    Level 3: "vault"
    Level 4:
       Stairs down to The Gnomish Mines.
    Level 5: "vault"
    Level 6:
       Some fountains, a grave.
    Level 7: <- You were here.
       A general store, an altar to Anhur.
       Final resting place for
          you, killed by an orc mummy.
 The Gnomish Mines:
    Level 5:


Vanquished creatures:
  a leprechaun
 an iron piercer
  a dingo
  a dog
  a jaguar
  a raven
  a gnome mummy
  a wood nymph
  a mountain nymph
  a rock piercer
  a fog cloud
  a yellow light
  a shrieker
  a violet fungus
  a gray ooze
  2 straw golems
  2 floating eyes
  2 dwarves
  a kobold leader
  a kobold shaman
  2 hill orcs
  a giant bat
  a monkey
  2 orc zombies
 an iguana
 an acid blob
  a coyote
  2 hobbits
  2 manes
  2 large kobolds
  2 yellow molds
  a gnome
  4 geckos
  2 jackals
  2 goblins
  8 grid bugs
  a bat
  9 lichens
  2 kobold zombies
  5 newts
74 creatures vanquished.

No species were genocided or became extinct.

Game over:
                       ----------
                      /          \
                     /    REST    \
                    /      IN      \
                   /     PEACE      \
                  /                  \
                  |    IanCurtis     |
                  |      127 Au      |
                  | killed by an orc |
                  |      mummy       |
                  |                  |
                  |                  |
                  |       2026       |
                 *|     *  *  *      | *
        _________)/\\_//(\/(/\)/\//\/|_)_______

Goodbye IanCurtis the Wizard...

You died in The Dungeons of Doom on dungeon level 7 with 2585 points,
and 127 pieces of gold, after 3965 moves.
You were level 6 with a maximum of 45 hit points when you died.

